 Dungeon Crawl Stone Soup version 0.19-a0-821-gf489216 (webtiles) character file.

490 Gruud the Grave Robber (level 6, 9/41 HPs)
             Began as a Demonspawn Necromancer on June 29, 2016.
             Was a Follower of Uskayaw.
             Quit the game on level 5 of the Dungeon.
             The game lasted 00:16:53 (3621 turns).

Gruud the Grave Robber (Demonspawn Necromancer)     Turns: 3621, Time: 00:16:54

Health: 9/41       AC:  5    Str: 10    XL:     6   Next: 90%
Magic:  9/9        EV:  2    Int: 16    God:    Uskayaw [*.....]
Gold:   254        SH:  0    Dex: -7 (14) Spells: 4 memorised, 1 level left

rFire  . . .     SeeInvis .     a - +0 war axe
rCold  . . .     Gourm    .     k - +0 robe
rNeg   + . .     Faith    .     (no shield)
rPois  .         Spirit   .     (helmet restricted)
rElec  .         Dismiss  .     j - +0 cloak
rCorr  +         Reflect  .     p - +0 pair of gloves
SustAt .         Harm     .     (no boots)
MR     .....                    (no amulet)
Stlth  ..........               i - ring of resist corrosion
                                g - ring of positive energy

@: exhausted, slowed, lost dexterity, very slow, not resistant to hostile
enchantments, extremely unstealthy
A: horns 1, icy blue scales 1, powered by death 1, regeneration 1
a: Stomp, Renounce Religion


You were on level 5 of the Dungeon.
You worshipped Uskayaw.
Uskayaw was aware of your devotion.
You were hungry.

You visited 2 branches of the dungeon, and saw 6 of its levels.

You collected 254 gold pieces.

Inventory:

Hand Weapons
 a - a +0 war axe (weapon)
Missiles
 y - 7 javelins (quivered)
Armour
 j - a +0 cloak (worn)
 k - a +0 robe (worn)
 p - a +0 pair of gloves (worn)
Jewellery
 g - a ring of positive energy (left hand)
 i - a ring of resist corrosion (right hand)
Scrolls
 e - 2 scrolls of amnesia {unknown}
 n - 2 scrolls of remove curse
 o - a scroll of recharging {unknown}
 q - 2 scrolls of enchant armour {unknown}
 s - 2 scrolls of blinking {unknown}
 t - 2 scrolls of magic mapping {unknown}
 w - a scroll of identify
 x - a scroll of teleportation {unknown}
 A - a scroll of random uselessness {unknown}
 B - a scroll of brand weapon {unknown}
Potions
 d - a potion of resistance
 f - a potion of brilliance
 v - 2 potions of flight
Books
 b - a book of Necromancy

   Spells                             Type                      Level
   a - Pain                           Necromancy                   1
   b - Animate Skeleton               Necromancy                   1
   c - Vampiric Draining              Necromancy                   3
   d - Regeneration                   Charms/Necromancy            3
   e - Animate Dead                   Necromancy                   4
   f - Control Undead                 Necromancy                   4
Comestibles
 c - 4 bread rations
 r - 3 meat rations
 u - 4 fruits


   Skills:
 * Level 3.7 Axes
 + Level 3.2 Dodging
 - Level 1.7 Stealth
 - Level 2.0 Spellcasting
 - Level 6.9 Necromancy
 + Level 1.0 Invocations


You had one spell level left.
You knew the following spells:

 Your Spells              Type           Power        Failure   Level  Hunger
a - Pain                  Necr           ###.         1%          1    #......
c - Vampiric Draining     Necr           ###.......   4%          3    ###....
d - Regeneration          Chrm/Necr      ##........   17%         3    ###....
e - Animate Skeleton      Necr           N/A          1%          1    #......


Dungeon Overview and Level Annotations

Branches:
Dungeon (5/15)             Temple (1/1) D:4

Altars:
Elyvilon
Gozag
Hepliaklqana
Makhleb
Nemelex Xobeh
Pakellas
Qazlal
Trog
Uskayaw
Yredelemnul
Zin
The Shining One

Annotations:
D:2 Sigmund


Innate Abilities, Weirdness & Mutations

You have a pair of small horns on your head.
You are partially covered in icy blue scales. (AC +1)
You regenerate a little health from kills.
Your natural rate of healing is unusually fast.


Message History

Your quokka skeleton barely misses the quasit.
The quasit bites you but does no damage.
The quasit claws you but does no damage. x2
Your quokka skeleton barely misses the quasit.
You miss the quasit.
The quasit is moderately wounded.
The quasit bites you but does no damage.
The quasit claws you but does no damage. x2
The quasit bites you but does no damage.
The quasit claws you but does no damage.
The quasit completely misses you.
Your quokka skeleton barely misses the quasit.
The quasit bites you but does no damage.
The quasit claws you but does no damage.
The quasit claws you.
* * * LOW HITPOINT WARNING * * *
You feel clumsy.
Quiver which item? (- for none, * to show all) (? for menu, Esc to quit)
Okay, then.
Are you sure you want to abandon this character and quit the game? (Confirm with "yes".)

########.###############.
..^.......ZZ............>
......##.#######.#######.
.................#
...##.####.####..###
...................#
...#..###......#Z#.# ...#..#
#......#5#.# ...#..###......#@#Z#
...............#.#.# .#
#########......#.#.# ...##
#...Z.# #......#.#.# #....
Z.###.# #......#.#.# ##...######
### #Z###......#.#.####..........
#####.Z.Z.###>##.#.#.............
..........# #.##.#...............
..........# #..#.###.##).........


You could see a quasit and a friendly quokka skeleton.

Vanquished Creatures
  An ogre (D:4)
  A phantom (D:4)
  A howler monkey (D:4)
  2 hounds (D:5)
  A jelly (D:3)
  Jessica (D:2)
  A worker ant (D:5)
  A hound skeleton (D:4)
  4 adders
  A gnoll (D:1)
  A shadow imp (D:5)
  An ooze (D:1)
  A worm (D:2)
  A dart slug (D:2)
  4 orcs
  A ball python (D:3)
  5 bats
  3 giant cockroaches
  2 goblins
  6 hobgoblins
  5 jackals
  4 kobolds
  2 quokkas
  3 giant newts
  2 jackal skeletons (D:4)
  A quokka skeleton (D:5)
  2 rats (D:1)
58 creatures vanquished.

Vanquished Creatures (collateral kills)
  A giant frog zombie (D:3)
  An adder zombie (D:5)
  2 hobgoblins (D:3)
  A jackal (D:1)
5 creatures vanquished.

Grand Total: 63 creatures vanquished

Notes
Turn   | Place    | Note
--------------------------------------------------------------
     0 | D:1      | Gruud the Demonspawn Necromancer began the quest for the Orb.
     0 | D:1      | Reached XP level 1. HP: 13/13 MP: 3/3
   366 | D:1      | Gained mutation: You are partially covered in icy blue scales. (AC +1) [demonic ancestry]
   366 | D:1      | Reached XP level 2. HP: 11/19 MP: 1/5
   464 | D:1      | Reached skill level 5 in Necromancy
   529 | D:1      | Learned a level 1 spell: Animate Skeleton
   841 | D:1      | Gained mutation: You regenerate a little health from kills. [demonic ancestry]
   841 | D:1      | Reached XP level 3. HP: 18/24 MP: 1/6
   908 | D:1      | Learned a level 3 spell: Vampiric Draining
  1033 | D:2      | Noticed Jessica
  1037 | D:2      | Killed Jessica
  1037 | D:2      | Reached skill level 6 in Necromancy
  1037 | D:2      | Gained mutation: You have a pair of small horns on your head. [demonic ancestry]
  1037 | D:2      | Reached XP level 4. HP: 21/30 MP: 3/7
  1168 | D:2      | Noticed Sigmund
  1666 | D:3      | Gained mutation: Your natural rate of healing is unusually fast. [potion of beneficial mutation]
  2053 | D:3      | Reached XP level 5. HP: 22/35 MP: 0/8
  2088 | D:3      | Reached skill level 1 in Axes
  2119 | D:3      | Found a burning altar of Makhleb.
  2119 | D:3      | Noticed a cacodemon
  2518 | D:4      | Noticed a phantom
  2739 | D:4      | Noticed an ogre
  2747 | D:4      | Killed an ogre
  2747 | D:4      | Reached XP level 6. HP: 40/41 MP: 0/9
  3062 | D:4      | Found a staircase to the Ecumenical Temple.
  3075 | Temple   | Entered the Ecumenical Temple
  3100 | Temple   | Became a worshipper of Uskayaw the Reveler
  3164 | D:5      | Entered Level 5 of the Dungeon
  3208 | D:5      | Reached * piety under Uskayaw
  3211 | D:5      | Reached ** piety under Uskayaw
  3226 | D:5      | Learned a level 3 spell: Regeneration
  3291 | D:5      | Reached skill level 1 in Invocations
  3605 | D:5      | Lost dexterity.
  3621 | D:5      | Quit the game

Vault maps used:
D:1:      shiori_shiawase
D:2:      lemuel_coloured_pillars_altar, first_bread, uniq_jessica, uniq_sigmund
D:3:      makhleb_altar_promises_db
D:4:      st_stairs_3
D:5:      okawaru_gym_becter
Temple:   minmay_temple_bridge_abc

Skill      XL: |  1  2  3  4  5  6 |
---------------+-------------------+-----
Necromancy     | 5 6 |  6.9
Axes           | 2 3 |  3.7
Dodging        | 2 3 |  3.2
Invocations    | 1 |  1.0
Stealth        | |  1.7
Spellcasting   | |  2.0

Action                   |  1- 3 |  4- 6 || total
-------------------------+-------+-------++-------
Melee: Unarmed           |    16 |       ||    16
       Short sword       |     2 |       ||     2
       Hand axe          |       |    30 ||    30
       Whip              |       |     2 ||     2
       Headbutt          |       |    17 ||    17
       War axe           |       |   109 ||   109
 Cast: Pain              |    48 |    51 ||    99
       Animate Skeleton  |     7 |    12 ||    19
       Vampiric Draining |       |     4 ||     4
  Use: Scroll            |       |     5 ||     5
       Potion            |       |     5 ||     5
 Stab: Sleeping          |       |     5 ||     5
  Eat: Chunk             |     1 |    10 ||    11
Armor: Robe              |    11 |   141 ||   152
Dodge: Dodged            |    31 |   169 ||   200
